 Dungeon Crawl Stone Soup version 0.18-a0-382-gd7addec (webtiles) character file.

7569 Ordine the Bludgeoner (level 11, -1/118 HPs)
             Began as an Ogre Berserker on Nov 30, 2015.
             Was an Elder of Trog.
             Slain by an unseen horror (5 damage)
             ... on level 10 of the Dungeon on Dec 1, 2015.
             The game lasted 00:38:25 (11612 turns).

Ordine the Bludgeoner (Ogre Berserker)             Turns: 11612, Time: 00:38:25

Health: -1/118     AC: 13    Str: 30    XL:     11   Next: 17%
Magic:  11/11      EV: 14    Int:  6    God:    Trog [****..]
Gold:   561        SH:  0    Dex: 24    Spells: 0 memorised, 10 levels left

rFire  . . .     SeeInvis .     k - +1 flail (protect)
rCold  . . .     Clarity  .     s - +1 robe "Ojoasiquoh" {Str+3 Dex+10}
rNeg   . . .     SustAt   .     (no shield)
rPois  .         Gourm    .     (helmet restricted)
rElec  .         Spirit   .     l - +0 cloak
rCorr  .         Warding  .     (gloves unavailable)
rMut   .         Stasis   .     (boots unavailable)
MR     +++..                    (no amulet)
Stlth  ++........               q - +3 ring of protection
                                E - +5 ring of dexterity

@: regenerating, extremely resistant to hostile enchantments, unstealthy
A: unfitting armour, tough skin 1
a: Berserk, Trog's Hand, Brothers in Arms, Burn Spellbooks, Renounce Religion


You were on level 10 of the Dungeon.
You worshipped Trog.
Trog was greatly pleased with you.
You were not hungry.

You visited 2 branches of the dungeon, and saw 12 of its levels.
You also visited: Ossuary.

You collected 561 gold pieces.

Inventory:

Hand Weapons
 k - a +1 flail of protection (weapon)
 w - a +0 giant spiked club
 x - a +0 giant club
Armour
 l - a +0 cloak (worn)
 s - the +1 robe "Ojoasiquoh" (worn) {Str+3 Dex+10}
   (You found it on level 9 of the Dungeon)

   It affects your strength (+3).
   It affects your dexterity (+10).
Jewellery
 o - an uncursed ring of protection from fire
 q - a +3 ring of protection (right hand)
 t - a +3 ring of evasion
 E - a +5 ring of dexterity (left hand)
Wands
 u - a wand of disintegration (4)
 A - a wand of teleportation (3)
Scrolls
 m - 3 scrolls of blinking
 r - 3 scrolls of remove curse
 v - 2 scrolls of teleportation
Potions
 a - a potion of berserk rage
 b - a potion of agility {unknown}
 d - 4 potions of might
 e - 2 potions of resistance
 f - 2 potions of cancellation
 p - 2 potions of flight
 z - 3 potions of brilliance
 B - 2 potions of invisibility {unknown}
 C - 3 potions of curing
 D - 2 potions of haste
Comestibles
 c - 8 bread rations
 g - 5 meat rations
 i - 4 slices of pizza
 j - a fruit
 n - a beef jerky
 F - 9 chunks of flesh


   Skills:
 - Level 10.2 Fighting
 * Level 15.0 Maces & Flails
 + Level 8.6 Throwing
 + Level 4.9 Dodging


You had 10 spell levels left.
You didn't know any spells.

Dungeon Overview and Level Annotations

Branches:
Dungeon (11/15)            Temple (1/1) D:6
   Lair: D:8-11         Orc: D:9-12

Altars:
Ashenzari
Cheibriados
Dithmenos
Elyvilon
Fedhas
Gozag
Kikubaaqudgha
Makhleb
Nemelex Xobeh
Okawaru
Qazlal
Ru
Sif Muna
Trog
Vehumet
Xom
Yredelemnul
Zin
The Shining One


Innate Abilities, Weirdness & Mutations

You are too large for most types of armour.
You have tough skin (AC +1).


Message History

You feel resistant to hostile enchantments.
You feel slightly more hungry. Something hits you.
* * * LOW HITPOINT WARNING * * *
Something completely misses you.
Unknown command.
Drink which item? (? for menu, Esc to quit)
You feel better. Something hits you but does no damage.
Eat one of 10 chunks of flesh? (ye/n/q/i?) This raw flesh tastes terrible.
Something barely misses you.
You continue eating.
Something hits you.
* * * LOW HITPOINT WARNING * * *
You continue eating.
Something hits you.
* * * LOW HITPOINT WARNING * * *
You swing at nothing.
Something barely misses you.
You swing at nothing.
Something hits you.
* * * LOW HITPOINT WARNING * * *
Something hits you.
You die...

#................#
#..............>.######
##..#####..#####)%.....#
....# #..# #.......#
....# #..# #..######
##..# #..# #..# #..#
#..# #).# #..# #..# #..#
#..#####!.#####@.######
#.....................#
##.....................#
....######........######
)[).# #........# ##(.#
#........#
#..######........#
#)...............#
##..(.............#


There were no monsters in sight!

Vanquished Creatures
  A centaur zombie (D:11)
  3 trolls
  The ghost of Potsanchik the Nimble, a novice SpGl (D:9)
  6 yaks (D:10)
  2 vampire mosquitoes (D:11)
  Grum (D:10)
  2 hippogriffs
  4 wolves (D:10)
  Edmund (D:4)
  A porcupine (D:10)
  2 orc warriors
  A water moccasin (D:9)
  5 sky beasts
  3 centaurs
  2 black bears (D:10)
  A necrophage (D:10)
  An ice beast (D:5)
  2 phantoms
  3 ogres
  A crocodile (D:10)
  5 giant frogs
  2 big kobolds
  A scorpion (D:6)
  7 wights
  2 crimson imps
  A giant frog zombie (D:6)
  2 hounds
  Crazy Yiuf (D:2)
  Ijyb (D:2)
  A jelly (D:10)
  6 orc wizards
  7 worker ants
  A centaur skeleton (D:10)
  2 giant frog skeletons
  3 iguanas
  Natasha (thrice) (D:2)
  9 orc priests
  A killer bee zombie (D:10)
  A hound zombie (D:8)
  8 mummies (Ossuary)
  3 hound skeletons
  Robin (D:4)
  A worker ant zombie (D:6)
  A river rat (D:10)
  11 adders
  2 oozes
  2 worms
  An adder skeleton (D:9)
  6 giant geckos
  47 orcs
  8 bats
  3 giant cockroaches
  2 gnoll zombies (Ossuary)
  17 goblins
  10 hobgoblins
  10 jackals
  16 kobolds
  A ball python (D:3)
  A ball python skeleton (D:4)
  5 giant newts
  2 hobgoblin zombies (Ossuary)
  3 kobold zombies (Ossuary)
  An orc zombie (Ossuary)
  7 quokkas
  3 quokka skeletons
  10 rats
281 creatures vanquished.

Notes
Turn   | Place    | Note
--------------------------------------------------------------
     0 | D:1      | Ordine the Ogre Berserker began the quest for the Orb.
     0 | D:1      | Reached XP level 1. HP: 24/24 MP: 1/1
   298 | D:1      | Reached XP level 2. HP: 27/33 MP: 2/2
   750 | D:1      | Reached XP level 3. HP: 27/40 MP: 3/3
   793 | D:1      | Reached ** piety under Trog
  1327 | D:2      | Reached skill level 5 in Fighting
  1396 | D:2      | Gained mutation: Your mind is acute. (Int +2) [potion of mutation]
  1396 | D:2      | Gained mutation: Your system is resistant to poisons. [potion of mutation]
  1396 | D:2      | Gained mutation: You occasionally shout uncontrollably at your foes. [potion of mutation]
  1406 | D:2      | Noticed Ijyb
  1415 | D:2      | Killed Ijyb
  1415 | D:2      | Reached skill level 5 in Maces & Flails
  1415 | D:2      | Reached skill level 1 in Throwing
  1415 | D:2      | Reached XP level 4. HP: 5/50 MP: 4/4
  1862 | D:2      | Noticed Natasha
  1866 | D:2      | Killed Natasha
  1932 | D:2      | Noticed Crazy Yiuf
  1937 | D:2      | Killed Crazy Yiuf
  1937 | D:2      | Reached XP level 5. HP: 57/57 MP: 5/5
  2172 | D:2      | Noticed Natasha
  2177 | D:2      | Killed Natasha
  2451 | D:2      | Noticed Natasha
  2456 | D:2      | Killed Natasha
  2708 | D:3      | Reached skill level 6 in Maces & Flails
  2812 | D:3      | Reached *** piety under Trog
  3184 | D:3      | Reached XP level 6. HP: 67/67 MP: 6/6
  3579 | D:4      | Noticed Robin
  3679 | D:4      | Killed Robin
  3759 | D:4      | Reached skill level 7 in Maces & Flails
  3764 | D:4      | Reached XP level 7. HP: 55/76 MP: 7/7
  3856 | D:4      | Noticed Edmund
  3864 | D:4      | Killed Edmund
  3904 | D:4      | Reached **** piety under Trog
  3904 | D:4      | Reached skill level 8 in Maces & Flails
  4523 | D:5      | Entered Level 5 of the Dungeon
  4532 | D:5      | Lost mutation: Your system is resistant to poisons. [potion of cure mutation]
  4532 | D:5      | Lost mutation: Your mind is acute. (Int +2) [potion of cure mutation]
  4532 | D:5      | Lost mutation: You occasionally shout uncontrollably at your foes. [potion of cure mutation]
  4543 | D:5      | Found a stormy altar of Qazlal.
  4571 | D:5      | Reached XP level 8. HP: 87/87 MP: 8/8
  4774 | D:5      | Reached skill level 9 in Maces & Flails
  5484 | D:6      | Reached skill level 10 in Maces & Flails
  5493 | D:6      | Received a gift from Trog
  5493 | D:6      | Reached skill level 5 in Throwing
  5511 | D:6      | Found a staircase to the Ecumenical Temple.
  5525 | D:6      | Found a sand-covered staircase.
  5530 | Ossuary  | Entered an ossuary
  6055 | D:6      | Reached XP level 9. HP: 97/97 MP: 9/9
  6186 | Temple   | Entered the Ecumenical Temple
  6448 | D:6      | Reached skill level 11 in Maces & Flails
  6904 | D:7      | Found an iron altar of Okawaru.
  6906 | D:7      | Found an ancient bone altar of Kikubaaqudgha.
  6909 | D:7      | Found a shimmering altar of Xom.
  6938 | D:7      | Found a white marble altar of Elyvilon.
  7340 | D:7      | Found a basalt altar of Yredelemnul.
  7485 | D:7      | Found a snail-covered altar of Cheibriados.
  7700 | D:8      | Reached ***** piety under Trog
  7777 | D:8      | Reached skill level 12 in Maces & Flails
  8605 | D:9      | Reached XP level 10. HP: 72/110 MP: 10/10
  8727 | D:9      | Noticed Potsanchik's ghost (novice SpGl)
  8774 | D:9      | Reached skill level 10 in Fighting
  8824 | D:9      | Killed Potsanchik's ghost
  8824 | D:9      | Reached skill level 13 in Maces & Flails
  8928 | D:9      | Found an opulent altar of Gozag.
  9435 | D:9      | Got a fabulously ornate robe
  9448 | D:9      | Identified the +1 robe "Ojoasiquoh" {Str+3 Dex+10} (You found it on level 9 of the Dungeon)
  9483 | D:10     | Entered Level 10 of the Dungeon
  9769 | D:10     | Noticed Grum
 10012 | D:10     | Reached skill level 14 in Maces & Flails
 10019 | D:10     | Killed Grum
 10371 | D:10     | Received a gift from Trog
 10916 | D:10     | Reached XP level 11. HP: 75/118 MP: 11/11
 11522 | D:10     | Reached skill level 15 in Maces & Flails
 11605 | D:10     | HP: 2/118 [something (5)]
 11611 | D:10     | HP: 2/118 [something (6)]
 11612 | D:10     | Slain by an unseen horror

Vault maps used:
D:1:      dpeg_arrival_round_a
D:2:      first_bread, uniq_iyjb, uniq_natasha, uniq_crazy_yiuf_cottage
D:4:      uniq_edmund, uniq_robin
D:5:      kennysheep_big_flooded_room, grunt_qazlal_clouds
D:6:      minmay_temple_entry_enclosed_plants,
          nicolae_ossuary_entry_false_entrances, kennysheep_potato
D:7:      kennysheep_mini, grunt_temple_overflow_open,
          nicolae_overflow_hidden_temple, st_stairs_11
D:9:      kennysheep_little_box
D:10:     uniq_grum
D:11:     minmay_lair_entry_grove
Temple:   bh_familiar_temple
Ossuary:  ossuary_tomb_3

Action                   |  1- 3 |  4- 6 |  7- 9 | 10-12 || total
-------------------------+-------+-------+-------+-------++-------
Melee: Mace              |   114 |    68 |       |       ||   182
       Flail             |       |   125 |   447 |   238 ||   810
Invok: Berserk           |     4 |     8 |    13 |     8 ||    33
       Burn Spellbooks   |       |       |     1 |       ||     1
       Trog's Hand       |       |       |       |     3 ||     3
  Use: Scroll            |     7 |     7 |    11 |     5 ||    30
       Potion            |     1 |       |     1 |     4 ||     6
 Stab: Sleeping          |     1 |       |       |     2 ||     3
  Eat: Chunk             |     5 |    13 |    28 |    17 ||    63
       Fruit             |       |     1 |     1 |     3 ||     5
       Pizza             |       |     1 |       |       ||     1
